 Dungeon Crawl Stone Soup version 0.27-a0-836-gfc908b8576 (webtiles) character file.

Game seed: 10478137722497292203

44 Aviak the Skirmisher (level 3, 13/30 HPs)
             Began as a Djinni Venom Mage on Mar 31, 2021.
             Quit the game on level 3 of the Dungeon.
             The game lasted 00:03:19 (2188 turns).

Aviak the Skirmisher (Djinni Venom Mage)            Turns: 2188, Time: 00:03:19

Health: 13/30      AC:  2    Str: 13    XL:     3   Next: 60%
Gold:   63         EV: 12    Int: 17    God:
                   SH:  0    Dex: 13

rFire    + + .     SeeInvis +   e - +0 dagger
rCold    x . .     Faith    .   (no shield)
rNeg     . . .     Spirit   .   a - +0 robe
rPois    ∞         Reflect  .   (no helmet)
rElec    .         Harm     .   (no cloak)
rCorr    .         Rampage  .   (no gloves)
Will     .....                  (boots unavailable)
Stlth    ++........             (no amulet)
HPRegen  0.10/turn              j - +6 ring of strength
MPRegen  0.00/turn              Z - ring of see invisible

@: flying
A: fire resistance 2, cold vulnerability 1, float, innate caster, hp casting,
extra vitality 1
a: no special abilities


You were on level 3 of the Dungeon.
You visited 1 branch of the dungeon, and saw 4 of its levels.

You collected 63 gold pieces.

Inventory:

Hand Weapons
 e - a +0 dagger (weapon)
 k - a +0 hand axe
Armour
 a - a +0 robe (worn)
 g - a +0 ring mail
Jewellery
 j - a +6 ring of strength (left hand)
 Z - a ring of see invisible (right hand)
Wands
 m - a wand of acid (8)
Scrolls
 c - a scroll of identify {unknown}
 f - a scroll of enchant weapon {unknown}
 h - a scroll of amnesia {unknown}
Potions
 b - a potion of lignification {unknown}
 d - 2 potions of haste
 i - a potion of degeneration {unknown}
 l - a potion of ambrosia {unknown}
 n - a potion of might {unknown}


   Skills:
 + Level 3.1 Fighting
 - Level 2.1 Dodging
 - Level 1.5 Stealth
 - Level 2.6 Spellcasting


You couldn't memorise any spells.
You knew the following spells:

 Your Spells              Type           Power      Damage    Failure   Level
a - Sting                 Tmut/Pois      44%        1d5       6%          1
b - Poisonous Vapours     Pois/Air       22%        N/A       9%          2
c - Mephitic Cloud        Conj/Pois/Air  11%        N/A       19%         3
d - Ignite Poison         Fire/Tmut/Pois 11%        N/A       19%         3
e - Olgreb's Toxic Radia  Pois           11%        N/A       52%         4
f - Corona                Hex            12%        N/A       6%          1
Your spell library was empty.

Dungeon Overview and Level Annotations

Branches:
Dungeon (4/15)
 Temple: D:4-7

Altars:
Kikubaaqudgha

Shops:
D:1 *


Innate Abilities, Weirdness & Mutations

You are immune to poison.
Your flesh is very heat resistant. (rF++)
You are vulnerable to cold. (rC-)
You float through the air rather than walking.
You learn spells naturally, not from books.
Your magical power is your life essence.
You have superior vitality. (+4 HP)


Message History

The gnoll is lightly wounded.
Casting: Sting (safe; 6% risk of failure)
Confirm with . or Enter, or press ? or * to list all spells.
Aiming: Poisonous Vapours (safe; 9% risk of failure)
Press: ? - help, Dir - move target, f/p - gnoll
Aim: a gnoll, wielding a +0 halberd (lightly wounded, poisoned) Poisonous vapours surround the gnoll!
The gnoll is engulfed in poison gas.
The gnoll looks even sicker.
The gnoll barely misses you.
Casting: Poisonous Vapours (safe; 9% risk of failure)
Confirm with . or Enter, or press ? or * to list all spells.
Aiming: Poisonous Vapours (safe; 9% risk of failure)
Press: ? - help, Dir - move target, f - gnoll, p - gnoll
Aim: a gnoll, wielding a +0 flail Poisonous vapours surround the gnoll!
You kill the gnoll!
The gnoll is poisoned.
The gnoll hits you with a +0 flail.
Your Fighting skill increases to level 3!
Casting: Poisonous Vapours (safe; 9% risk of failure)
Confirm with . or Enter, or press ? or * to list all spells.
Aiming: Poisonous Vapours (safe; 9% risk of failure)
Press: ? - help, Dir - move target, f/p - gnoll
Aim: a gnoll, wielding a +0 flail (lightly wounded, poisoned) Poisonous vapours surround the gnoll!
The gnoll misses you.
Casting: Poisonous Vapours (safe; 9% risk of failure)
Confirm with . or Enter, or press ? or * to list all spells.
Aiming: Poisonous Vapours (safe; 9% risk of failure)
Press: ? - help, Dir - move target, f/p - gnoll
Aim: a gnoll, wielding a +0 flail (moderately wounded, poisoned) Poisonous vapours surround the gnoll!
The gnoll is engulfed in poison gas.
The gnoll looks even sicker.
The gnoll barely misses you.
Casting: Poisonous Vapours (safe; 9% risk of failure)
Confirm with . or Enter, or press ? or * to list all spells.
Aiming: Poisonous Vapours (safe; 9% risk of failure)
Press: ? - help, Dir - move target, f - gnoll, p - gnoll
Aim: a gnoll, wielding a +0 flail (heavily wounded) Poisonous vapours surround the gnoll!
The gnoll hits you with a +0 flail.
Welcome back, Aviak the Djinni Venom Mage.
Press ? for a list of commands and other information.
Are you sure you want to abandon this character and quit the game? (Confirm with "yes".)

##### #...#
#...# #...#
####...#
......# ###...#
####
#....>###..#
#.#....@gSg#
........####c#
......######.##
............c.#
.........gg...#
.............[#
.....?........#
.........##.###
...#.# #.#


You could see a centaur, 2 gnolls and an adder.

Vanquished Creatures
  A gnoll (D:3)
  A worm (D:2)
  3 endoplasms
  A giant cockroach (D:2)
  6 hobgoblins
  2 quokkas
  3 ball pythons
  2 bats (D:2)
  5 frilled lizards
  A goblin (D:2)
  4 kobolds
  A rat (D:2)
30 creatures vanquished.

Notes
Turn   | Place    | Note
-------+----------+-------------------------------------------
     0 | D:1      | Aviak the Djinni Venom Mage began the quest for the Orb.
     0 | D:1      | Reached XP level 1. HP: 15/15 MP: 0/0
    64 | D:1      | Found Yme Uxoy's General Store.
    96 | D:1      | Reached skill level 1 in Fighting
   510 | D:1      | Reached XP level 2. HP: 18/22 MP: 0/0
   779 | D:1      | HP: 1/23 [quokka (3)]
  1334 | D:2      | Reached skill level 2 in Fighting
  1853 | D:2      | Reached XP level 3. HP: 29/29 MP: 0/0
  1853 | D:2      | Learned a level 1 spell: Corona
  2152 | D:2      | You are sucked into a shaft and drop 2 floors!
  2175 | D:3      | Noticed a centaur
  2182 | D:3      | Reached skill level 3 in Fighting
  2188 | D:3      | Quit the game

Illustrated notes

Levels and vault maps discovered:
D:1:      arrival_zaba_pyramid, layout_loops_ring, serial_shops,
          nicolae_shop_crystal, minmay_distorted
D:2:      layout_basic, old_standard_altar
D:3:      lemuel_upstairs_altar, layout_rooms, dancing_weapons_uskayaw,
          uniq_jessica
D:4:      layout_loops_corners, uniq_natasha

Skill      XL: |  1  2  3 |
---------------+----------+-----
Fighting       | 1 2 3 |  3.1
Dodging        | |  2.1
Stealth        | |  1.5
Spellcasting   | |  2.6

Action                   || total
-------------------------++-------
Melee: Dagger            ||    25
 Cast: Sting             ||    51
       Poisonous Vapours ||    10
Armor: Robe              ||     7
Dodge: Dodged            ||    27

Table legend: (Time is in decaauts)
 A = Elapsed time spent in this place.
 B = Non-inter-level travel time spent in this place.
 C = Inter-level travel time spent in this place.
 D = Time resting spent in this place.
 E = Time spent auto-exploring this place.
 F = Levels seen in this place.
 G = Mean time per level.
                   A        B        C        D        E       F      G
               +--------+--------+--------+--------+--------+-----+--------+
         Total |   2185 |   2156 |     29 |    416 |   1472 |   4 |  546.2 |
       Dungeon |   2185 |   2156 |     29 |    416 |   1472 |   4 |  546.2 |
               +--------+--------+--------+--------+--------+-----+--------+

Top non-repeatable levels by time:
     D:1: 1236 daAuts
     D:2: 913 daAuts
     D:3: 23 daAuts
     D:4: 11 daAuts
